 Dungeon Crawl Stone Soup version 0.01-2087-gb5e28fc70b (webtiles) character file.

Game seed: 14905520651302771217, levelgen mode: deterministic

205 funkygono the Digger (level 5, -3/28 HPs) Gargoyle Earth Elementalist. Began on May 31, 2020. Slain by Duvessa ... wielding a +0 short sword (4 damage) ... on level 3 of the Dungeon. The game lasted 00:09:23 (1668 turns).

funkygono the Digger (Gargoyle Earth Elementalist)  Turns: 1668, Time: 00:09:24

Health: -3/28      AC:  9    Str: 12    XL:     5 ^: 25
Magic:  1/10       EV: 13    Int: 21    God:
Gold:   133        SH:  0    Dex: 15    Spells: 7/11 levels left

rFire    . . .     Vision   .   h - +0 whip
rCold    . . .     Gourm    .   (no weapon)
rNeg     + . .     Faith    .   b - +0 robe
rPois    ∞         Spirit   .   (no helmet)
rElec    +         Reflect  .   i - +1 cloak
rCorr    .         Harm     .   m - +0 pair of gloves
MR       .....                  (no boots)
Stlth    ++........             (no amulet)
HPRegen  0.19/turn              k - ring of dexterity
MPRegen  0.20/turn              (no ring)

@: brilliant
A: negative energy resistance 1, electricity resistance, unbreathing,
petrification resistance, rot immunity, AC +4
a: no special abilities


You were on level 3 of the Dungeon.
You were not hungry.

You visited 1 branch of the dungeon, and saw 3 of its levels.

You collected 133 gold pieces.

Inventory:

Weapons
 h - a +0 whip (weapon)
 l - a +1 dagger of molten steel Shields
 o - a +0 targe
Armour
 b - a +0 robe (worn)
 i - a +1 cloak (worn)
 m - a +0 pair of gloves (worn)
Jewellery
 k - a ring of dexterity (left hand)
Scrolls
 a - 2 scrolls of fog
 d - 2 scrolls of amnesia
 e - 3 scrolls of teleportation
 n - a scroll of fear
Potions
 g - a potion of brilliance
 j - a potion of curing
Comestibles
 c - 7 rations
 f - 3 chunks of flesh


   Skills:
 + Level 0.5 Whips & Flails
 + Level 2.1 Dodging
 + Level 2.5 Stealth
 + Level 3.8 Spellcasting
   Level 0.7 Transmutations
 + Level 5.4 Earth Magic


You had 7 spell levels left.
You knew the following spells:

 Your Spells              Type           Power        Failure   Level  Hunger
a - Sandblast             Erth           39 (50)      1%          1    None
b - Stone Arrow           Erth           39 (50)      1%          3    ###....

Your spell library contained the following spells:

 Spells                   Type           Power        Failure   Level  Hunger
 Passwall                 Tmut/Erth      29 (120)     1%          2    #......
 Petrify                  Tmut/Erth      29 (100)     4%          4    ####...
 Lee's Rapid Deconstruct  Erth           39 (200)     4%          5    ######.
 Methodical Deconstructi  Erth           39 (200)     4%          5    ######.


Dungeon Overview and Level Annotations

Branches:
Dungeon (3/8)

Altars:
Makhleb

Annotations:
D:3 Dowan, Duvessa


Innate Abilities, Weirdness & Mutations

You are resistant to torment.
Your stone body is resilient. (AC +4)
You are immune to poison.
You resist negative energy. (rN+)
You are resistant to electric shocks. (rElec)
You can survive without breathing.
You are immune to petrification.
You are immune to rotting.


Message History

Press: ? - help, Shift-Dir - straight line, f/p - Duvessa
Aim: Duvessa, wielding a +0 short sword and wearing a +0 ring mail (severely wounded (11/35), fast)
The blast of sand misses Duvessa.
The blast of sand misses Dowan.
Duvessa hits you with a +0 short sword (3).
You hit Duvessa but do no damage.
Duvessa is severely wounded. (11/35) HP You barely miss Duvessa.
Duvessa is severely wounded. (11/35) HP Duvessa hits you but does no damage.
Duvessa hits you with a +0 short sword (7)!
* * * LOW HITPOINT WARNING * * *
Your magical contamination has completely faded away.
Duvessa hits you but does no damage.
Duvessa says, "When magic and the sword combine, nothing stands against them."
Duvessa hits you with a +0 short sword (2).
* * * LOW HITPOINT WARNING * * *
Dowan gestures wildly while chanting.
Dowan blinks!
Duvessa hits you with a +0 short sword (4).
You die...

........# ..........#
.......)# ##+##+##..#
........##########.##.##..#
..._..>.'.##...#..§##.##..###
........#.##.#.##.#..e#.....#
........#.##.#....###....#..#
........#.##......#.....##..#
........#.#######e#.........#
........#.......@.#......##.#
........###########......# .#
######### ........ <.......##
#......###


You could see Duvessa.

Vanquished Creatures
  A quasit (D:3)
  A bullfrog skeleton (D:3)
  4 adders (D:2)
  2 worms
  2 oozes (D:2)
  2 dart slugs (D:2)
  6 leopard geckos
  4 ball pythons
  2 giant cockroaches
  12 goblins
  10 hobgoblins
  3 jackals (D:2)
  11 kobolds
  A quokka (D:2)
  11 bats
  4 frilled lizards
  4 rats
80 creatures vanquished.

Vanquished Creatures (others)
  2 butterflies (D:2)
2 creatures vanquished.

Grand Total: 82 creatures vanquished

Notes
Turn   | Place    | Note
-------+----------+-------------------------------------------
     0 | D:1      | funkygono the Gargoyle Earth Elementalist began the quest
                  | for the Orb.
     0 | D:1      | Reached XP level 1. HP: 10/10 MP: 3/3
    92 | D:1      | Reached XP level 2. HP: 15/15 MP: 0/5
   128 | D:1      | Reached skill level 4 in Earth Magic
   388 | D:1      | Reached XP level 3. HP: 19/19 MP: 4/6
   403 | D:1      | Learned a level 3 spell: Stone Arrow
   640 | D:2      | Reached XP level 4. HP: 24/24 MP: 3/8
  1092 | D:2      | Reached XP level 5. HP: 28/28 MP: 3/10
  1099 | D:2      | Reached skill level 5 in Earth Magic
  1529 | D:3      | Found a burning altar of Makhleb.
  1625 | D:3      | Noticed Dowan
  1625 | D:3      | Noticed Duvessa
  1666 | D:3      | HP: 1/28 [Duvessa/+0 short sword (2)]
  1668 | D:3      | Slain by Duvessa

Levels and vault maps discovered:
D:1:      evilmike_arrival_plus, layout_rooms
D:2:      layout_loops_cross, first_ration, hangedman_abyss_or_decor_lesser_grid
D:3:      layout_basic, bloody_makhleb, uniq_duvessa, uniq_edmund

Skill      XL: |  1  2  3  4  5 |
---------------+----------------+-----
Earth Magic    | 4 5 |  5.4
Spellcasting   | 3 |  3.8
Dodging        | 2 |  2.1
Whips & Flails | |  0.5
Stealth        | |  2.5
Transmutations | |  0.7

Action                   |  1- 3 |  4- 6 || total
-------------------------+-------+-------++-------
Melee: Whip              |    20 |    38 ||    58
       Unarmed           |    19 |    33 ||    52
 Cast: Sandblast         |    37 |    60 ||    97
       Stone Arrow       |     2 |     7 ||     9
  Use: Potion            |       |     1 ||     1
  Eat: Chunk             |       |     4 ||     4
Armor: Robe              |    12 |    34 ||    46
Dodge: Dodged            |    44 |    65 ||   109
